 Dungeon Crawl Stone Soup version 0.22.1-6-g1668fe2c40 (webtiles) character file.

91 Kohma the Poker (level 4, 0/34 HPs)
             Began as a Merfolk Skald on Jan 24, 2019.
             Slain by Crazy Yiuf
             ... wielding a +2 quarterstaff of chaos
              (11 damage)
             ... on level 2 of the Dungeon.
             The game lasted 00:07:41 (2695 turns).

Kohma the Poker (Merfolk Skald)                     Turns: 2695, Time: 00:07:41

Health: 0/34       AC:  3    Str: 12    XL:     4   Next: 59%
Magic:  0/7        EV: 13    Int: 12    God:
Gold:   106        SH:  0    Dex: 13    Spells: 2/8 levels left

rFire    . . .     SeeInvis .   a - +0 spear
rCold    . . .     Gourm    .   (no shield)
rNeg     . . .     Faith    .   b - +0 leather armour
rPois    .         Spirit   .   (no helmet)
rElec    .         Reflect  .   (no cloak)
rCorr    .         Harm     .   (no gloves)
MR       .....                  (no boots)
Stlth    +.........             (no amulet)
HPRegen  0.11/turn              (no ring)
MPRegen  0.10/turn              (no ring)

@: infused (expiring), very slightly contaminated
A: change form in water, swift swim, stealthy swim
a: no special abilities


You were on level 2 of the Dungeon.
You were not hungry.

You visited 1 branch of the dungeon, and saw 2 of its levels.

You collected 106 gold pieces.

Inventory:

Hand Weapons
 a - a +0 spear (weapon)
Missiles
 j - 54 stones (quivered)
Armour
 b - a +0 leather armour (worn)
Jewellery
 c - an uncursed ring of wizardry {unknown}
Wands
 m - a wand of polymorph (19)
Scrolls
 f - 2 scrolls of teleportation {unknown}
 i - a scroll of random uselessness {unknown}
 l - 2 scrolls of amnesia {unknown}
Potions
 e - a potion of haste {unknown}
 g - a potion of lignification {unknown}
 h - a potion of curing {unknown}
 k - a potion of heal wounds {unknown}
 o - 2 potions of cancellation {unknown}
Comestibles
 d - 4 rations
 n - a chunk of flesh


   Skills:
 - Level 2.8 Fighting
 * Level 4.4 Polearms
 - Level 0.6 Armour
 + Level 3.5 Dodging
 + Level 2.5 Spellcasting
 * Level 0.1 Hexes
 * Level 3.8 Charms


You had 2 spell levels left.
You knew the following spells:

 Your Spells              Type           Power        Failure   Level  Hunger
a - Infusion              Chrm           ##..         7%          1    #......
b - Shroud of Golubria    Chrm/Tloc      #.........   22%         2    ###....
c - Spectral Weapon       Hex/Chrm       #.......     41%         3    ###....

Your spell library contained the following spells:

 Spells                   Type           Power        Failure   Level  Hunger
 Song of Slaying          Chrm           ##......     11%         2    ###....
 Regeneration             Chrm/Necr      #.........   41%         3    ###....


Dungeon Overview and Level Annotations

Branches:
Dungeon (2/15)

Altars:
Vehumet

Annotations:
D:2 Crazy Yiuf


Message History

Crazy Yiuf closely misses you.
You hit Crazy Yiuf.
Crazy Yiuf is moderately wounded.
Crazy Yiuf hits you with a quarterstaff of chaos!
Crazy Yiuf burns you.
You are too injured to fight recklessly!
You completely miss Crazy Yiuf.
Crazy Yiuf is moderately wounded.
Crazy Yiuf screams, "Powder verde toodlewoodle!"
Crazy Yiuf barely misses you.
You hit Crazy Yiuf.
Crazy Yiuf is moderately wounded.
You hit Crazy Yiuf but do no damage.
Crazy Yiuf is moderately wounded.
Your magical infusion is running out.
Crazy Yiuf barely misses you.
You hit Crazy Yiuf but do no damage.
Crazy Yiuf is moderately wounded.
Crazy Yiuf hits you with a quarterstaff of chaos!
You die...

#........#........
#........#........
#.....####........ #.....#
###...... ####### #......
#)..... ###♣♣♣♣♣ ##'#+#..
##.+..♣.♣♣♣ #### #....#.#
##......♣@g♣#...# #....#.#
#......♣♣♣♣.'...# #....#.(
#...+.♣♣ ♣♣#..)# #....###
#.###♣♣ #### #....... #.#
#....... #.# #....... #.#
################.... #.#
#.............###...
#.#####.........#.<.######


You could see Crazy Yiuf.

Vanquished Creatures
  3 adders (D:2)
  An ooze (D:2)
  A worm (D:2)
  A leopard gecko (D:1)
  3 orcs (D:2)
  8 bats
  3 giant cockroaches (D:1)
  4 goblins
  12 hobgoblins
  2 kobolds (D:1)
  4 frilled lizards
  9 rats
51 creatures vanquished.

Vanquished Creatures (others)
  A spectral weapon (D:2)
1 creature vanquished.

Grand Total: 52 creatures vanquished

Notes
Turn   | Place    | Note
-------+----------+-------------------------------------------
     0 | D:1      | Kohma the Merfolk Skald began the quest for the Orb.
     0 | D:1      | Reached XP level 1. HP: 16/16 MP: 3/3
   192 | D:1      | Reached XP level 2. HP: 21/22 MP: 5/5
   759 | D:1      | Reached XP level 3. HP: 25/28 MP: 6/6
  1128 | D:2      | Reached skill level 4 in Polearms
  1452 | D:2      | Reached XP level 4. HP: 5/34 MP: 2/7
  2302 | D:2      | Found a radiant altar of Vehumet.
  2343 | D:2      | Learned a level 2 spell: Shroud of Golubria
  2347 | D:2      | Learned a level 3 spell: Spectral Weapon
  2674 | D:2      | Found a runed door.
  2681 | D:2      | Noticed Crazy Yiuf
  2695 | D:2      | Slain by Crazy Yiuf

Skill      XL: |  1  2  3 |
---------------+----------+-----
Dodging        | 3 |  3.5
Polearms       | 4 |  4.4
Fighting       | |  2.8
Armour         | |  0.6
Spellcasting   | |  2.5
Hexes          | |  0.1
Charms         | |  3.8

Action                   |  1- 3 |  4- 6 || total
-------------------------+-------+-------++-------
Melee: Spear             |   144 |    78 ||   222
 Cast: Infusion          |     4 |     7 ||    11
       Spectral Weapon   |       |     1 ||     1
 Stab: Sleeping          |     1 |       ||     1
  Eat: Chunk             |     1 |     2 ||     3
       Ration            |       |     1 ||     1
Armor: Leather armour    |    31 |    11 ||    42
Dodge: Dodged            |    91 |    41 ||   132
